Map: Simulacrum LE

Players

Reynor - Winner!

  • Race: Zerg Zerg
  • Spawn Location: 11:00

PartinG

  • Race: Protoss Protoss
  • League: Grandmaster
  • Spawn Location: 5:00

Event: Shopify TSL 5

VOD

Have the link to the VOD?

Description

Time

  • Played on: May 23, 2020, 9:33 a.m.
  • Length: 14:11

All games in this series

Show
View Real Time Build Order
Export as new Build Order

Reynor Zerg - Winner!

Build Orders: Hatch First 

Get SALT Encoding   

  12  0:00  Drone  
  13  0:12  Overlord  
  13  0:17  Drone  
  14  0:31  Drone x2  
  16  0:49  Hatchery  
  15  0:52  Drone  
  15  0:56  Drone  
  17  1:00  Drone  
  18  1:11  Extractor  
  17  1:15  Spawning Pool  
  17  1:18  Drone  
  17  1:22  Drone  
  18  1:28  Drone  
  19  1:39  Drone  
  20  2:02  Zergling x6  
  20  2:04  Queen  
  20  2:05  Spine Crawler  
  20  2:06  Spine Crawler  
  23  2:12  Spine Crawler  
  22  2:16  Zergling x2  
  23  2:23  Zergling x4  
  25  2:32  Spine Crawler  
  25  2:34  Drone  
  25  2:38  Zergling x2  
  26  2:46  Overlord  
  26  2:53  Drone  
  27  3:04  Drone  
  27  3:05  Drone  
  29  3:07  Drone  
  29  3:11  Metabolic Boost  
  30  3:36  Overlord, Hatchery  
  30  3:37  Drone  
  30  3:54  Drone x3  
  33  3:57  Pneumatized Carapace  
  33  4:06  Drone  
  34  4:16  Drone  
  35  4:18  Spore Crawler  
  35  4:22  Drone  
  34  4:27  Drone  
  34  4:28  Drone  
  33  4:31  Drone  
  33  4:34  Hatchery  
  30  4:40  Queen  
  30  4:42  Zergling x2  
  33  4:49  Zergling x4  
  35  4:56  Queen  
  35  4:59  Drone  
  38  5:03  Overlord  
  38  5:11  Evolution Chamber  
  38  5:13  Spore Crawler  
  36  5:17  Overlord  
  36  5:23  Drone  
  36  5:26  Spore Crawler  
  36  5:27  Drone  
  38  5:28  Drone  
  38  5:31  Drone  
  39  5:41  Queen  
  38  5:46  Drone  
  39  5:54  Zerg Melee Weapons Level 1  
  39  5:55  Drone x3  
  42  5:59  Drone  
  42  6:04  Queen  
  43  6:08  Overlord  
  43  6:10  Drone  
  46  6:12  Drone  
  46  6:14  Drone  
  48  6:19  Queen  
  50  6:27  Drone x5  
  50  6:28  Drone  
  50  6:30  Drone  
  50  6:32  Drone  
  58  6:38  Overlord  
  58  6:42  Roach Warren  
  58  6:43  Drone  
  57  6:47  Overlord  
  57  6:54  Zergling x2  
  58  6:58  Zergling x12  
  58  7:00  Drone x2  
  65  7:02  Lair  
  65  7:05  Extractor  
  65  7:06  Extractor  
  65  7:07  Queen  
  65  7:10  Spore Crawler  
  65  7:11  Drone  
  65  7:12  Drone  
  65  7:13  Drone  
  65  7:14  Drone  
  68  7:16  Drone  
  68  7:18  Drone  
  70  7:23  Overlord  
  70  7:24  Drone  
  70  7:29  Drone x2  
  73  7:30  Extractor  
  73  7:31  Drone  
  73  7:32  Overlord  
  73  7:41  Overlord  
  73  7:43  Drone x5  
  78  7:45  Drone x2  
  80  7:51  Drone  
  80  7:54  Drone x2  
  80  7:58  Drone  
  84  7:59  Drone x2  
  84  8:03  Zerg Melee Weapons Level 2  
  84  8:04  Hatchery  
  85  8:08  Queen  
  83  8:15  Drone  
  83  8:18  Extractor  
  83  8:19  Drone  
  84  8:20  Extractor  
  84  8:21  Baneling Nest  
  84  8:23  Evolution Chamber  
  84  8:24  Glial Reconstitution  
  81  8:27  Roach x5  
  81  8:29  Overlord  
  81  8:31  Drone x2  
  93  8:35  Drone x3  
  93  8:36  Drone  
  97  8:42  Overlord  
  97  8:47  Overlord  
  97  8:51  Ravager x4  
  97  8:52  Ravager  
  97  8:53  Zergling x6  
  97  8:54  Zerg Ground Armor Level 1  
  105  9:00  Drone x2  
  105  9:01  Drone x6  
  113  9:07  Roach  
  113  9:08  Roach x2  
  118  9:10  Roach  
  118  9:14  Baneling x5  
  118  9:15  Roach  
  122  9:17  Baneling  
  122  9:18  Roach  
  122  9:22  Roach, Zergling x2  
  126  9:24  Drone  
  126  9:27  Centrifical Hooks  
  127  9:31  Overlord  
  127  9:37  Zergling x2  
  128  9:38  Overlord  
  128  9:42  Overlord  
  128  9:45  Zergling x2  
  128  9:47  Baneling  
  128  9:48  Baneling x11  
  128  9:50  Overlord  
  128  9:51  Zergling x16  
  136  9:56  Spire  
  136  9:57  Overseer  
  136  9:58  Zergling x12  
  141  10:00  Zergling x4  
  141  10:04  Roach, Zergling x2  
  141  10:05  Zergling x2  
  147  10:13  Zergling x6  
  148  10:16  Zergling x2  
  146  10:21  Zergling x4  
  146  10:22  Zergling x2  
  146  10:24  Zergling x4  
  146  10:27  Queen  
  151  10:29  Roach  
  151  10:30  Overlord  
  151  10:32  Baneling x3, Hatchery  
  151  10:33  Baneling x10  
  151  10:34  Zergling x6  
  150  10:38  Zergling x2  
  150  10:39  Zergling x6  
  150  10:42  Baneling x10  
  151  10:50  Zergling x16  
  151  10:53  Overlord  
  156  10:57  Zergling x10  
  156  11:02  Zergling x6  
  155  11:05  Roach, Zergling x2  
  144  11:12  Roach, Zergling x6  
  144  11:18  Zerg Ground Armor Level 2  
  144  11:21  Drone x2, Baneling x16  
  144  11:22  Drone x2  
  144  11:23  Extractor, Zergling x4  
  144  11:25  Zergling x4  
  149  11:30  Zerg Flyer Weapons Level 1  
  143  11:32  Zergling x4  
  143  11:33  Zergling x2  
  143  11:36  Zergling x2  
  132  11:41  Zergling x4  
  132  11:42  Zergling x2  
  132  11:46  Zergling x2  
  127  11:50  Roach, Zergling x8  
  127  11:51  Zergling x12  
  133  11:54  Drone x2  
  133  11:59  Drone x4  
  133  12:01  Baneling x10  
  139  12:02  Overseer  
  139  12:04  Zergling x2  
  139  12:05  Zergling x2  
  140  12:10  Drone x3  
  140  12:13  Infestation Pit  
  140  12:15  Baneling x9  
  142  12:17  Zergling x12  
  142  12:18  Zergling x8  
  142  12:22  Roach  
  151  12:28  Zergling x14  
  157  12:31  Zergling x4  
  157  12:36  Overlord  
  159  12:38  Zergling x4  
  161  12:45  Zergling x18  
  161  12:50  Overlord  
  169  12:54  Hive  
  169  12:57  Zergling x20  
  179  13:00  Drone  
  179  13:01  Drone  
  181  13:05  Baneling x4  
  181  13:06  Baneling x4  
  181  13:07  Overlord  
  181  13:08  Overlord  
  181  13:12  Zergling x6  
  184  13:17  Overlord  
  184  13:18  Baneling x18  
  184  13:19  Baneling  
  183  13:20  Baneling x15  
  183  13:21  Baneling  
  183  13:22  Baneling x2  
  181  13:46  Drone x2  
  181  13:47  Drone x2  
  197  13:49  Extractor  
  197  13:52  Zergling x14  
Show
View Real Time Build Order
Export as new Build Order

PartinG Protoss 

Build Orders: Oracle Opening 

Get SALT Encoding   

  12  0:00  Probe  
  13  0:13  Probe  
  14  0:17  Pylon  
  14  0:25  Probe (Chrono Boost)  
  15  0:37  Probe (Chrono Boost), Gateway  
  16  0:45  Probe (Chrono Boost)  
  16  0:46  Assimilator  
  17  0:51  Probe  
  18  1:01  Forge  
  19  1:04  Probe  
  19  1:25  Cybernetics Core  
  19  1:35  Pylon  
  19  1:37  Pylon  
  19  1:45  Pylon  
  19  1:46  Pylon  
  19  1:53  Photon Cannon  
  19  1:59  Photon Cannon  
  19  2:03  Pylon  
  19  2:10  Photon Cannon  
  19  2:16  Shield Battery  
  19  2:21  Shield Battery  
  19  2:27  Shield Battery  
  20  2:30  Probe  
  20  2:38  Stargate  
  20  2:43  Probe  
  21  2:52  Stalker (Chrono Boost)  
  21  2:55  Probe, Assimilator  
  24  3:02  Pylon  
  24  3:09  Probe  
  25  3:13  Pylon  
  25  3:26  Probe  
  26  3:31  Oracle (Chrono Boost)  
  26  3:38  Probe, Pylon  
  30  3:46  Pylon  
  30  3:48  Pylon  
  30  3:53  Pylon  
  29  4:00  Oracle (Chrono Boost)  
  32  4:18  Nexus  
  32  4:21  Probe  
  33  4:29  Pylon  
  33  4:34  Oracle (Chrono Boost)  
  36  4:43  Pylon  
  36  4:45  Probe  
  37  4:57  Probe  
  38  5:05  Photon Cannon  
  38  5:07  Warp Gate  
  38  5:09  Sentry  
  38  5:10  Probe  
  41  5:18  Gateway  
  41  5:24  Gateway  
  41  5:28  Probe  
  42  5:38  Probe  
  42  5:40  Probe  
  44  5:50  Probe (Chrono Boost)  
  44  5:52  Probe (Chrono Boost)  
  43  6:02  Probe (Chrono Boost)  
  45  6:04  Probe (Chrono Boost)  
  45  6:08  Forge, Twilight Council  
  45  6:11  Probe x2 (Chrono Boost)  
  47  6:21  Probe x2  
  48  6:26  Assimilator  
  48  6:27  Pylon  
  48  6:29  Assimilator  
  48  6:40  Probe x2  
  50  6:47  Nexus  
  50  6:52  Pylon  
  50  6:55  Sentry x2, Pylon  
  50  6:56  Sentry, Blink (Chrono Boost)  
  50  6:58  Probe x2, Protoss Ground Weapons Level 1 (Chrono Boost)  
  58  7:15  Photon Cannon, Shield Battery  
  58  7:16  Probe x2  
  58  7:21  Robotics Facility  
  60  7:24  Sentry  
  60  7:28  Probe x2  
  64  7:31  Pylon  
  64  7:36  Sentry  
  66  7:41  Probe x2  
  66  7:42  Pylon  
  67  7:50  Gateway x2  
  67  7:54  Gateway  
  67  8:01  Probe x2  
  67  8:02  Probe  
  70  8:18  Probe x2, Warp Prism (Chrono Boost)  
  70  8:19  Probe  
  75  8:23  Sentry x3  
  81  8:29  Gateway  
  81  8:30  Gateway  
  81  8:37  Probe, Photon Cannon  
  82  8:45  Stalker x2  
  83  8:50  Observer (Chrono Boost)  
  83  8:51  Stalker  
  83  8:52  Stalker  
  88  8:55  Stalker  
  88  8:57  Stalker  
  88  9:00  Probe  
  93  9:04  Assimilator  
  93  9:05  Assimilator  
  93  9:09  Probe x2  
  95  9:15  Probe, Pylon  
  96  9:19  Stalker x2  
  96  9:20  Stalker  
  102  9:26  Stalker x2  
  106  9:33  Stalker x2  
  106  9:36  Stalker  
  112  9:43  Robotics Bay  
  112  9:45  Protoss Ground Weapons Level 2 (Chrono Boost)  
  112  9:49  Pylon  
  112  9:57  Stalker x3  
  112  9:58  Stalker  
  120  10:05  Probe x2  
  110  10:26  Stalker x6  
  110  10:27  Stalker x2  
  118  10:39  Disruptor (Chrono Boost)  
  119  10:52  Stalker x5  
  128  11:03  Observer  
  112  11:05  Stalker x3  
  105  11:15  Assimilator  
  105  11:17  Stalker x5  
  108  11:28  Probe  
  108  11:29  Probe  
  108  11:39  Stalker x2  
  104  11:40  Stalker x4  
  96  11:51  Stalker x2  
  90  11:54  Probe x2  
  90  11:58  Probe  
  93  12:01  Colossus (Chrono Boost)  
  99  12:09  Stalker x3  
  105  12:16  Stalker x2  
  109  12:27  Stalker  
  109  12:28  Extended Thermal Lance (Chrono Boost), Stalker x2  
  115  12:35  Photon Cannon  
  115  12:37  Photon Cannon  
  115  12:48  Colossus (Chrono Boost)  
  115  12:51  Probe x3  
  118  12:54  Stalker  
  126  13:03  Stalker  
  126  13:04  Stalker x3  
  133  13:24  Pylon  
  133  13:25  Pylon x2  
  133  13:26  Pylon  
  133  13:40  Pylon  
  133  13:41  Pylon  
  132  13:45  Sentry x7  
  143  14:00  Stalker  
Tags
 
Add a new tag
Caveats
  • Supply blocks, unpowered buildings, or Contaminate may cause inaccurate times.
  • Supply counts are checked every 10 seconds.